TOP OF THE 1ST |
Beech Mountain Mountaineers batting - Pitching for Boston Rebels : RHP John Foster
|
Pitching: RHP John Foster
|
|
Batting: SHB Tony López
|
0-0: Ball 1-0: Fly out, F6 (Line Drive, 6M)
|
Batting: SHB Miguel González
|
0-0: Called Strike 0-1: Ball 1-1: Swinging Strike 1-2: Ball 2-2: Ball 3-2: Ground out 4-3 (Groundball, 34)
|
Batting: LHB Chris Bates
|
0-0: Ball 1-0: Ball 2-0: Called Strike 2-1: Called Strike 2-2: Ball 3-2: Fly out, F8 (Flyball, 8RM)
|
Top of the 1st over - 0 run(s), 0 hit(s), 0 error(s), 0 left on base; Beech Mountain 0 - Boston 0 |
BOTTOM OF THE 1ST |
Boston Rebels batting - Pitching for Beech Mountain Mountaineers : RHP Yong-hoon Park
|
Pitching: RHP Yong-hoon Park
|
|
Batting: RHB Roberto Chávez
|
0-0: Ball 1-0: Ball 2-0: Called Strike 2-1: SINGLE (Groundball, 34S) (infield hit)
|
Batting: LHB Lorenzo Flores
|
0-0: Grounds into double play, 1-6-3 (Groundball, 13S)
|
Batting: LHB Miguel Rivería
|
0-0: Ball 1-0: Ball 2-0: Swinging Strike 2-1: Swinging Strike 2-2: Strikes out looking
|
Bottom of the 1st over - 0 run(s), 1 hit(s), 0 error(s), 0 left on base; Beech Mountain 0 - Boston 0 |
TOP OF THE 2ND |
Beech Mountain Mountaineers batting - Pitching for Boston Rebels : RHP John Foster
|
Batting: SHB Juan Castro
|
0-0: Called Strike 0-1: Ball 1-1: Swinging Strike 1-2: Strikes out looking
|
Batting: RHB António Zúńiga
|
0-0: Called Strike 0-1: Ground out 6-3 (Groundball, 6)
|
Batting: RHB John Anderson
|
0-0: Called Strike 0-1: Ball 1-1: Fly out, F7 (Flyball, 7)
|
Top of the 2nd over - 0 run(s), 0 hit(s), 0 error(s), 0 left on base; Beech Mountain 0 - Boston 0 |
BOTTOM OF THE 2ND |
Boston Rebels batting - Pitching for Beech Mountain Mountaineers : RHP Yong-hoon Park
|
Batting: RHB John Mendelson
|
0-0: Ball 1-0: Swinging Strike 1-1: SINGLE (Line Drive, 34D)
|
Batting: LHB Frank Jackson
|
0-0: Swinging Strike 0-1: Ball 1-1: Ball 2-1: Fly out, F8 (Flyball, 8RS)
|
Batting: LHB Felipe Guerrero
|
0-0: Ball 1-0: Foul Ball, location: 2F 1-1: Ball 2-1: Called Strike 2-2: Strikes out looking
|
Batting: LHB Arturo Molina
|
0-0: Called Strike 0-1: Ball 1-1: Ground out 3-1 (Groundball, 34S)
|
Bottom of the 2nd over - 0 run(s), 1 hit(s), 0 error(s), 1 left on base; Beech Mountain 0 - Boston 0 |
TOP OF THE 3RD |
Beech Mountain Mountaineers batting - Pitching for Boston Rebels : RHP John Foster
|
Batting: LHB Pedro Gonzáles
|
0-0: Ball 1-0: Called Strike 1-1: Swinging Strike 1-2: Ball 2-2: Foul Ball, location: 2F 2-2: Ball 3-2: Foul Ball, location: 2F 3-2: Base on Balls
|
Batting: RHB Jared Thompson
|
0-0: Fly out, F8 (Flyball, 8RS)
|
Batting: RHB Boyd Pittman
|
0-0: Ball 1-0: Called Strike 1-1: Swinging Strike 1-2: Ball 2-2: Strikes out looking
|
Batting: SHB Tony López
|
0-0: Ball 1-0: Foul Ball, location: 2F 1-1: Ball 2-1: Ground out 6-3 (Groundball, 6MS)
|
Top of the 3rd over - 0 run(s), 0 hit(s), 0 error(s), 1 left on base; Beech Mountain 0 - Boston 0 |
BOTTOM OF THE 3RD |
Boston Rebels batting - Pitching for Beech Mountain Mountaineers : RHP Yong-hoon Park
|
Batting: RHB Aaron Washington
|
0-0: Ground out 6-3 (Groundball, 6)
|
Batting: RHB Ángel Garza
|
0-0: Ball 1-0: Fly out, F8 (Flyball, 8LXD)
|
Batting: RHB Roberto Chávez
|
0-0: Called Strike 0-1: SINGLE (Groundball, 6D)
|
Batting: LHB Lorenzo Flores
|
0-0: Ball 1-0: Foul Ball, location: 2F 1-1: Called Strike Roberto Chávez steals 2nd base 1-2: Ground out U3 (Groundball, 3)
|
Bottom of the 3rd over - 0 run(s), 1 hit(s), 0 error(s), 1 left on base; Beech Mountain 0 - Boston 0 |
TOP OF THE 4TH |
Beech Mountain Mountaineers batting - Pitching for Boston Rebels : RHP John Foster
|
Batting: SHB Miguel González
|
0-0: Called Strike 0-1: Foul Ball, location: 2F 0-2: Foul Ball, location: 2F 0-2: Ball 1-2: SINGLE (Groundball, 4MD)
|
Batting: LHB Chris Bates
|
0-0: Foul Ball, location: 2F 0-1: Ball 1-1: Foul Ball, location: 2F 1-2: Foul Ball, location: 2F 1-2: Foul Ball, location: 2F 1-2: Ball 2-2: SINGLE (Line Drive, 89S) Miguel González to second
|
Batting: SHB Juan Castro
|
0-0: Ball 1-0: Ball 2-0: Ground out 6-3 (Groundball, 6S) Miguel González to third Chris Bates to second
|
Batting: RHB António Zúńiga
|
0-0: Ball 1-0: Called Strike 1-1: Swinging Strike 1-2: Foul Ball, location: 2F 1-2: Foul Ball, location: 2F 1-2: Strikes out swinging
|
Batting: RHB John Anderson
|
0-0: Ball 1-0: DOUBLE (Line Drive, 9D) Miguel González scores Chris Bates scores
|
Batting: LHB Pedro Gonzáles
|
0-0: Ball 1-0: Ball 2-0: Ball 3-0: Called Strike 3-1: Ground out 6-3 (Groundball, 6)
|
Top of the 4th over - 2 run(s), 3 hit(s), 0 error(s), 1 left on base; Beech Mountain 2 - Boston 0 |
BOTTOM OF THE 4TH |
Boston Rebels batting - Pitching for Beech Mountain Mountaineers : RHP Yong-hoon Park
|
Batting: LHB Miguel Rivería
|
0-0: Ground out 4-3 (Groundball, 4M)
|
Batting: RHB John Mendelson
|
0-0: Ball 1-0: Ball 2-0: Ball 3-0: Called Strike 3-1: Foul Ball, location: 2F 3-2: Base on Balls
|
Batting: LHB Frank Jackson
|
0-0: Called Strike 0-1: Ball 1-1: Foul Ball, location: 2F 1-2: Ball John Mendelson steals 2nd base 2-2: Ground out 5-3 (Groundball, 56)
|
Batting: LHB Felipe Guerrero
|
0-0: Foul Ball, location: 2F 0-1: Ball 1-1: Ball 2-1: SINGLE (Groundball, 56D) John Mendelson to third Runner from 3rd tries for Home, SAFE, no throw
|
Batting: LHB Arturo Molina
|
0-0: Called Strike 0-1: Ball 1-1: Foul Ball, location: 2F 1-2: Ground out 4-3 (Groundball, 34)
|
Bottom of the 4th over - 1 run(s), 1 hit(s), 0 error(s), 1 left on base; Beech Mountain 2 - Boston 1 |
TOP OF THE 5TH |
Beech Mountain Mountaineers batting - Pitching for Boston Rebels : RHP John Foster
|
Batting: RHB Jared Thompson
|
0-0: Ball 1-0: Ball 2-0: DOUBLE (Line Drive, 9LM)
|
Batting: RHB Boyd Pittman
|
0-0: Swinging Strike 0-1: Called Strike 0-2: Ball 1-2: Ground out U3 (Groundball, 3) Jared Thompson to third
|
Batting: SHB Tony López
|
0-0: Called Strike 0-1: Swinging Strike 0-2: Ball 1-2: Ball 2-2: Strikes out looking
|
Batting: SHB Miguel González
|
0-0: Ball 1-0: Foul Ball, location: 2F 1-1: Ball 2-1: Ground out 4-3 (Groundball, 4S)
|
Top of the 5th over - 0 run(s), 1 hit(s), 0 error(s), 1 left on base; Beech Mountain 2 - Boston 1 |
BOTTOM OF THE 5TH |
Boston Rebels batting - Pitching for Beech Mountain Mountaineers : RHP Yong-hoon Park
|
Batting: RHB Aaron Washington
|
0-0: Called Strike 0-1: Ground out 4-3 (Groundball, 4)
|
Batting: RHB Ángel Garza
|
0-0: Swinging Strike 0-1: DOUBLE (Line Drive, 7LM)
|
Batting: RHB Roberto Chávez
|
0-0: Fly out, F4 (Popup, 4)
|
Batting: LHB Lorenzo Flores
|
0-0: Fly out, F8 (Flyball, 8LM)
|
Bottom of the 5th over - 0 run(s), 1 hit(s), 0 error(s), 1 left on base; Beech Mountain 2 - Boston 1 |
TOP OF THE 6TH |
Beech Mountain Mountaineers batting - Pitching for Boston Rebels : RHP John Foster
|
Batting: LHB Chris Bates
|
0-0: Ball 1-0: Foul Ball, location: 2F 1-1: Foul Ball, location: 2F 1-2: Ground out 4-3 (Groundball, 4D)
|
Batting: SHB Juan Castro
|
0-0: Ball 1-0: Foul Ball, location: 2F 1-1: DOUBLE (Line Drive, 5D)
|
Batting: RHB António Zúńiga
|
0-0: Intentional Walk
|
Batting: RHB John Anderson
|
0-0: Ball 1-0: Ball 2-0: Ball 3-0: Base on Balls Juan Castro to third António Zúńiga to second
|
Batting: LHB Pedro Gonzáles
|
0-0: Grounds into fielders choice 4-2 (Groundball, 34) António Zúńiga to third John Anderson to second
|
Batting: RHB Jared Thompson
|
0-0: Ground out 5-3 (Groundball, 56S)
|
Top of the 6th over - 0 run(s), 1 hit(s), 0 error(s), 3 left on base; Beech Mountain 2 - Boston 1 |
BOTTOM OF THE 6TH |
Boston Rebels batting - Pitching for Beech Mountain Mountaineers : RHP Yong-hoon Park
|
Batting: LHB Miguel Rivería
|
0-0: Ball 1-0: Ball 2-0: Fly out, F9 (Line Drive, 9)
|
Batting: RHB John Mendelson
|
0-0: Fly out, F8 (Flyball, 8LM)
|
Batting: LHB Frank Jackson
|
0-0: Foul Ball, location: 2F 0-1: Called Strike 0-2: Ground out 6-3 (Groundball, 6)
|
Bottom of the 6th over - 0 run(s), 0 hit(s), 0 error(s), 0 left on base; Beech Mountain 2 - Boston 1 |
TOP OF THE 7TH |
Beech Mountain Mountaineers batting - Pitching for Boston Rebels : RHP John Foster
|
Pitching: RHP Ki-tong Shiu
|
|
Batting: RHB Boyd Pittman
|
0-0: Called Strike 0-1: Foul Ball, location: 2F 0-2: Strikes out swinging
|
Batting: SHB Tony López
|
0-0: SINGLE (Line Drive, 6MD)
|
Batting: SHB Miguel González
|
0-0: Ball 1-0: Foul Ball, location: 2F 1-1: Foul Ball, location: 2F 1-2: Ball 2-2: Strikes out looking
|
Batting: LHB Chris Bates
|
Pickoff Throw to First - Error! E1 Tony López to second 0-0: Ball 1-0: Called Strike 1-1: Ball 2-1: Ball 3-1: Called Strike 3-2: Base on Balls
|
Batting: SHB Juan Castro
|
0-0: Foul Ball, location: 2F 0-1: Ball 1-1: Ball 2-1: Foul Ball, location: 2F 2-2: Foul Ball, location: 2F 2-2: Foul Ball, location: 2F 2-2: Foul Ball, location: 2F 2-2: Foul Ball, location: 2F 2-2: Ball 3-2: Strikes out swinging
|
Top of the 7th over - 0 run(s), 1 hit(s), 1 error(s), 2 left on base; Beech Mountain 2 - Boston 1 |
BOTTOM OF THE 7TH |
Boston Rebels batting - Pitching for Beech Mountain Mountaineers : RHP Yong-hoon Park
|
Batting: LHB Felipe Guerrero
|
0-0: Ground out 4-3 (Groundball, 4)
|
Batting: LHB Arturo Molina
|
0-0: Ball 1-0: SINGLE (Line Drive, 5D)
|
Batting: RHB Aaron Washington
|
0-0: Called Strike 0-1: Ball 1-1: Fielders Choice at 2nd, 4-6 (Groundball, 34)
|
Pinch Hitting: LHB Sergio Barrón
|
0-0: Swinging Strike 0-1: Fielders Choice at 2nd, 5-4 (Groundball, 5)
|
Bottom of the 7th over - 0 run(s), 1 hit(s), 0 error(s), 0 left on base; Beech Mountain 2 - Boston 1 |
TOP OF THE 8TH |
Beech Mountain Mountaineers batting - Pitching for Boston Rebels : RHP Ki-tong Shiu
|
Now at 3B: George Reeves
|
|
Batting: RHB António Zúńiga
|
0-0: Called Strike 0-1: Ball 1-1: Foul Ball, location: 2F 1-2: Ground out 4-3 (Groundball, 34D)
|
Batting: RHB John Anderson
|
0-0: Ball 1-0: Ball 2-0: Ball 3-0: Base on Balls
|
Batting: LHB Pedro Gonzáles
|
0-0: Ball 1-0: Called Strike 1-1: Ball 2-1: Ball 3-1: Base on Balls John Anderson to second
|
Pinch Hitting: LHB Tommy Payne
|
0-0: Ball 1-0: Ball 2-0: Ball 3-0: Base on Balls John Anderson to third Pedro Gonzáles to second
|
Pinch Hitting: RHB Jesús Cruz
|
0-0: Ball 1-0: DOUBLE (Flyball, 8LXD) John Anderson scores Pedro Gonzáles scores Tommy Payne to third
|
Pitching: LHP Joseph Byrne
|
|
Batting: SHB Tony López
|
0-0: Ground out 6-3 (Groundball, 6)
|
Batting: SHB Miguel González
|
0-0: Ball 1-0: Ball 2-0: Ball 3-0: Base on Balls
|
Batting: LHB Chris Bates
|
0-0: Ball 1-0: Called Strike 1-1: Swinging Strike 1-2: SINGLE (Line Drive, 89M) Tommy Payne scores Jesús Cruz to third Miguel González to second Runner from 3rd tries for Home, SAFE, no throw
|
Batting: SHB Juan Castro
|
0-0: Ball 1-0: Fielders Choice at 2nd, 6-4 (Groundball, 6)
|
Top of the 8th over - 4 run(s), 2 hit(s), 0 error(s), 1 left on base; Beech Mountain 6 - Boston 1 |
BOTTOM OF THE 8TH |
Boston Rebels batting - Pitching for Beech Mountain Mountaineers : RHP Yong-hoon Park
|
Now at 2B: Jesús Cruz
|
|
Now at SS: Rafael González
|
|
Batting: RHB Roberto Chávez
|
0-0: Fly out, F8 (Line Drive, 8LD)
|
Batting: LHB Lorenzo Flores
|
0-0: Ball 1-0: Called Strike 1-1: Swinging Strike 1-2: Fly out, F4 (Popup, 4S)
|
Batting: LHB Miguel Rivería
|
0-0: Foul Ball, location: 2F 0-1: Ball 1-1: Ball 2-1: Foul Ball, location: 2F 2-2: Foul Ball, location: 2F 2-2: Strikes out swinging
|
Bottom of the 8th over - 0 run(s), 0 hit(s), 0 error(s), 0 left on base; Beech Mountain 6 - Boston 1 |
TOP OF THE 9TH |
Beech Mountain Mountaineers batting - Pitching for Boston Rebels : LHP Joseph Byrne
|
Batting: RHB António Zúńiga
|
0-0: SINGLE (Groundball, 6MD)
|
Batting: RHB John Anderson
|
0-0: Foul Ball, location: 2F 0-1: Foul Ball, location: 2F 0-2: Ball 1-2: Ball 2-2: Ball 3-2: Strikes out looking António Zúńiga steals 2nd base Batter strikes out.
|
Batting: LHB Pedro Gonzáles
|
0-0: Ball 1-0: Ball 2-0: Ball 3-0: Called Strike 3-1: Base on Balls
|
Batting: RHB Rafael González
|
0-0: Ball 1-0: Ball 2-0: Ball 3-0: Called Strike 3-1: Foul Ball, location: 2F 3-2: Strikes out swinging
|
Batting: RHB Jesús Cruz
|
0-0: Ground out 5-3 (Groundball, 56S)
|
Top of the 9th over - 0 run(s), 1 hit(s), 0 error(s), 2 left on base; Beech Mountain 6 - Boston 1 |
BOTTOM OF THE 9TH |
Boston Rebels batting - Pitching for Beech Mountain Mountaineers : RHP Yong-hoon Park
|
Pitching: RHP Matthew Scott
|
|
Batting: RHB John Mendelson
|
0-0: Called Strike 0-1: Ball 1-1: Called Strike 1-2: Ground out 6-3 (Groundball, 6)
|
Batting: LHB Frank Jackson
|
0-0: Called Strike 0-1: Ball 1-1: Foul Ball, location: 2F 1-2: Strikes out swinging
|
Batting: LHB Felipe Guerrero
|
0-0: Ball 1-0: Ball 2-0: Called Strike 2-1: Ball 3-1: SINGLE (Flyball, 8LS)
|
Batting: LHB Arturo Molina
|
0-0: Called Strike 0-1: Fielders Choice at 2nd, 4-6 (Groundball, 4)
|
Bottom of the 9th over - 0 run(s), 1 hit(s), 0 error(s), 0 left on base; Beech Mountain 6 - Boston 1 |
|